 Dungeon Sprint DCSS version 0.28.0-47-ge53b351184 (webtiles) character file.

Game seed: 13953384872984934470

1288 browni3141 the Warrior (level 8, -5/165 HPs)
             Began as an Ogre Hunter on May 4, 2022.
             Was a Priest of Okawaru.
             Slain by a five-headed hydra (15 damage)
             ... in the Dungeon (Sprint IX: "|||||||||||||||||||||||||||||").
             The game lasted 00:02:42 (997 turns).

browni3141 the Warrior (Ogre Hunter)                 Turns: 997, Time: 00:02:42

Health: -5/165     AC:  3    Str: 19    XL:     8   Next: 55%
Magic:  11/14      EV: 17    Int: 12    God:    Okawaru [***...]
Gold:   0          SH:  0    Dex: 12    Spells: 7/7 levels left

rFire   . . .      SeeInvis .   p - +2 dire flail (vorpal)
rCold   . . .      Faith    .   (shield currently unavailable)
rNeg    . . .      Spirit   .   b - +0 robe
rPois   .          Reflect  .   (helmet restricted)
rElec   .          Harm     .   (no cloak)
rCorr   .          Rampage  .   (gloves unavailable)
Will    .....      NoTele   +   (boots unavailable)
Stlth   ..........              (no amulet)
HPRegen 0.37/turn               E - +2 ring of evasion
MPRegen 0.14/turn               X - +3 ring of dexterity

@: berserking, heroic, very quick
A: large, unfitting armour, tough skin 1
a: Renounce Religion, Heroism


You were in the Dungeon.
You worshipped Okawaru.
Okawaru was most pleased with you.
You visited 1 branch


Innate Abilities, Weirdness & Mutations

You are too large for most types of armour.
You have tough skin. (AC +1)


   Skills:
 - Level 16.0(21.0) Fighting
 * Level 7.4(12.4) Throwing
 - Level 4.0(9.0) Armour
 - Level 8.0(13.0) Dodging
 - Level 0.6(5.6) Stealth
 - Level 8.0 Invocations


You had 7 spell levels left.
You didn't know any spells.
Your spell library was empty.

Inventory:

Hand Weapons
 a - a +0 short sword
 p - a +2 vorpal dire flail (weapon)
Missiles
 c - 5 large rocks (quivered)
 d - a throwing net
Armour
 b - a +0 robe (worn)
 n - a +0 cloak
 o - a +0 cloak
Jewellery
 E - a +2 ring of evasion (left hand)
 X - a +3 ring of dexterity (right hand)
Wands
 m - a wand of acid (2)
Scrolls
 k - 2 scrolls of amnesia
 l - a scroll of blinking {@r3}
Potions
 e - a potion of invisibility
 f - 3 potions of heal wounds {@q2}
 g - a potion of haste {@q3}
 h - 4 potions of magic
 j - 4 potions of curing {@q1}

Dungeon Overview and Level Annotations

Branches:
Dungeon (1/1)

Altars:
Cheibriados
Dithmenos
Elyvilon
Fedhas
Gozag
Hepliaklqana
Kikubaaqudgha
Makhleb
Nemelex Xobeh
Okawaru
Qazlal
Ru
Sif Muna
Trog
Uskayaw
Vehumet
Wu Jian
Xom
Yredelemnul
Zin
The Shining One
Beogh
Jiyva
Lugonu ¦¦¦¦¦¦¦¦¦¦¦¦¦¦¦¦¦¦¦¦¦¦¦¦ ....cYD@S..).)..[...)..' ¦¦¦¦¦¦¦¦¦¦¦¦¦¦¦¦¦¦¦¦¦¦¦¦

You could see a five-headed hydra (corroded), a centaur warrior (corroded), a guardian serpent shaped shifter and a yak.


Message History

You feel yourself moving faster!
You feel mighty! The slime creature hits you!
* * * LOW HITPOINT WARNING * * *
You sock the slime creature!
The slime creature is heavily wounded.
You impale the slime creature!!
The slime creature is almost dead.
The jumping spider changes into a guardian serpent!
The slime creature hits you.
* * * LOW HITPOINT WARNING * * *
You bludgeon the slime creature!!
You kill the slime creature!
Okawaru is honoured by your kill.
Your base Throwing skill gained 2 levels and is now at level 7!
You puncture the five-headed hydra!
The five-headed hydra is almost dead.
The five-headed hydra bites you!
* * * LOW HITPOINT WARNING * * *
The five-headed hydra barely misses you. x2
The five-headed hydra bites you.
* * * LOW HITPOINT WARNING * * *
The five-headed hydra bites you!
* * * LOW HITPOINT WARNING * * *
The guardian serpent hits you!
* * * LOW HITPOINT WARNING * * *
You sock the five-headed hydra!
The five-headed hydra is almost dead.
The guardian serpent hits you!
* * * LOW HITPOINT WARNING * * *
The five-headed hydra bites you!
You die...

Skill      XL: |  1  2  3  4  5  6  7  8 |
---------------+-------------------------+-----
Fighting       | 5 11 12 15 16 | 16.0
Armour         | 4 |  4.0
Dodging        | 4 8 |  8.0
Invocations    | 5 8 |  8.0
Throwing       | 5 7 |  7.4
Stealth        | |  0.6

Action                   |  1- 3 |  4- 6 |  7- 9 || total
-------------------------+-------+-------+-------++-------
Melee: Short sword       |    20 |    28 |       ||    48
       Dire flail        |       |     9 |    12 ||    21
Throw: Large rock        |     2 |     4 |       ||     6
       Throwing net      |       |     2 |       ||     2
Invok: Heroism           |       |       |     1 ||     1
Evoke: Wand              |       |       |     8 ||     8
  Use: Potion            |       |     1 |     1 ||     2
       Scroll            |       |     1 |       ||     1
Armor: Robe              |     4 |    13 |     3 ||    20
Dodge: Dodged            |     9 |    26 |    12 ||    47

Levels and vault maps discovered:
D:        linesprint [early_d, line_temple, items_1, d_10, items_2, lair_1,
          lair_end, items_3, orc_1, orc_end, items_4, d_15, swamp_1, shoals_1,
          snake_1, spider_1, d_20, vaults_1, items_5, swamp_end, shoals_end,
          snake_end, spider_end, vaults_end, d_27, items_6, zot_1, zot_end,
          crypt_end, forest_end, elf_end, slime_end, tomb_end, abyss_end,
          pan_hell_end]

Notes
Turn   | Place    | Note
-------+----------+-------------------------------------------
     0 | D        | browni3141 the Ogre Hunter began the quest for the Orb.
     0 | D        | Reached XP level 1. HP: 22/22 MP: 1/1
    11 | D        | Reached skill level 4 in Fighting
    15 | D        | Reached skill level 5 in Fighting
    24 | D        | Reached XP level 2. HP: 23/36 MP: 2/2
   126 | D        | Noticed a water moccasin
   126 | D        | Noticed a sky beast
   128 | D        | Killed a sky beast
   129 | D        | Reached skill level 11 in Fighting
   129 | D        | Reached XP level 3. HP: 43/57 MP: 3/3
   129 | D        | Reached XP level 4. HP: 50/66 MP: 4/4
   141 | D        | Reached skill level 12 in Fighting
   141 | D        | Reached XP level 5. HP: 39/75 MP: 5/5
   154 | D        | Reached skill level 13 in Fighting
   157 | D        | HP: 6/76 [water moccasin (6)]
   159 | D        | Found a snail-covered altar of Cheibriados.
   159 | D        | Found a shadowy altar of Dithmenos.
   159 | D        | Found a white marble altar of Elyvilon.
   159 | D        | Found a blossoming altar of Fedhas.
   159 | D        | Found an opulent altar of Gozag.
   160 | D        | Found a hazy altar of Hepliaklqana.
   161 | D        | Found a viscous altar of Jiyva.
   488 | D        | Killed a water moccasin
   489 | D        | Reached skill level 15 in Fighting
   489 | D        | Reached XP level 6. HP: 84/92 MP: 6/6
   529 | D        | Found an ancient bone altar of Kikubaaqudgha.
   530 | D        | Found a corrupted altar of Lugonu.
   531 | D        | Found a burning altar of Makhleb.
   532 | D        | Found a sparkling altar of Nemelex Xobeh.
   533 | D        | Found an iron altar of Okawaru.
   534 | D        | Found a stormy altar of Qazlal.
   535 | D        | Found a sacrificial altar of Ru.
   536 | D        | Found a shimmering blue altar of Sif Muna.
   537 | D        | Found a bloodstained altar of Trog.
   538 | D        | Found a hide-covered altar of Uskayaw.
   539 | D        | Found a radiant altar of Vehumet.
   540 | D        | Found an ornate altar of the Wu Jian Council.
   541 | D        | Became a worshipper of Warmaster Okawaru
   542 | D        | Found a shimmering altar of Xom.
   543 | D        | Found a basalt altar of Yredelemnul.
   544 | D        | Found a glowing silver altar of Zin.
   545 | D        | Found a glowing golden altar of the Shining One.
   587 | D        | Noticed an orc warrior
   587 | D        | Noticed a kobold demonologist
   589 | D        | Noticed a red devil
   596 | D        | Killed a kobold demonologist
   596 | D        | Reached * piety under Okawaru
   597 | D        | Reached skill level 16 in Fighting
   597 | D        | Reached skill level 4 in Armour
   597 | D        | Reached skill level 4 in Dodging
   597 | D        | Reached skill level 5 in Invocations
   597 | D        | Reached XP level 7. HP: 42/101 MP: 6/10
   600 | D        | Reached skill level 5 in Dodging
   601 | D        | Reached skill level 6 in Invocations
   601 | D        | Reached ** piety under Okawaru
   603 | D        | HP: 4/101 [orc warrior/+0 battleaxe (18)]
   607 | D        | Reached skill level 6 in Dodging
   607 | D        | Reached skill level 7 in Invocations
   984 | D        | Noticed a centaur warrior
   984 | D        | Noticed a five-headed hydra
   984 | D        | Noticed a yak
   984 | D        | Noticed a manticore
   984 | D        | Noticed a jumping spider
   984 | D        | Noticed a slime creature
   989 | D        | Killed a manticore
   989 | D        | Reached *** piety under Okawaru
   990 | D        | Reached skill level 8 in Dodging
   990 | D        | Reached skill level 8 in Invocations
   990 | D        | Reached skill level 5 in Throwing
   990 | D        | Reached XP level 8. HP: 51/110 MP: 10/14
   994 | D        | Noticed a guardian serpent
   994 | D        | a jumping spider changed into a guardian serpent
   995 | D        | Killed a slime creature
   996 | D        | Reached skill level 7 in Throwing
   997 | D        | HP: 10/165 [guardian serpent (shapeshifter) (10)]
   997 | D        | Slain by a five-headed hydra

Vanquished Creatures
  A manticore (D)
  A kobold demonologist (D)
  A slime creature (D)
  A water moccasin (D)
  An orc warrior (D)
  A sky beast (D)
  A centaur (D)
  A killer bee (D)
  2 hounds (D)
  An orc wizard (D)
  A dart slug (D)
  2 hobgoblins (D)
  A ball python (D)
  2 ball python zombies (D)
  A frilled lizard (D)
18 creatures vanquished.

Table legend: (Time is in decaauts)
 A = Elapsed time spent in this place.
 B = Non-inter-level travel time spent in this place.
 C = Inter-level travel time spent in this place.
 D = Time resting spent in this place.
 E = Time spent auto-exploring this place.
 F = Levels seen in this place.
 G = Mean time per level.
                   A        B        C        D        E       F      G
               +--------+--------+--------+--------+--------+-----+--------+
         Total |   1008 |   1008 |      0 |    777 |     43 |   1 | 1008.0 |
       Dungeon |   1008 |   1008 |      0 |    777 |     43 |   1 | 1008.0 |
               +--------+--------+--------+--------+--------+-----+--------+

Top non-repeatable levels by time:
       D: 1008 daAuts

Table legend:
 A = Non-vault XP
 B = Vault XP
 C = Vault XP percentage of total XP
 D = Non-vault monster count
 E = Vault monster count
 F = Vault count percentage of total count
                 A         B        C        D         E       F
            +---------+---------+-------+---------+---------+-------
      Total |       0 |    1840 | 100.0 |       0 |      18 | 100.0
            +---------+---------+-------+---------+---------+-------
          D |       0 |    1840 | 100.0 |       0 |      18 | 100.0
            +---------+---------+-------+---------+---------+-------
